 Dungeon Crawl Stone Soup version 0.31-a0-889-g1a8549509d (webtiles) character file.

Game seed: 9065641378852788677

61 Ekaitz the Digger (level 3, -5/26 HPs)
             Began as a Demonspawn Earth Elementalist on Oct 17, 2023.
             Slain by a gnoll
             ... wielding a +0 halberd
             ... led by a gnoll bouda
              (8 damage)
             ... on level 2 of the Dungeon.
             The game lasted 00:03:56 (1171 turns).

Ekaitz the Digger (Demonspawn Earth Elementalist)   Turns: 1171, Time: 00:03:58

Health: -5/26      AC:  3    Str:  8    XL:     3   Next: 83%
Magic:  2/6        EV: 14    Int: 18    God:
Gold:   61         SH:  0    Dex: 13    Spells: 1/7 levels left

rFire   . . .        d - +2 dagger (venom)
rCold   . . .        (no shield)
rNeg    . . .        a - +0 robe
rPois   .            (no helmet)
rElec   .            (no cloak)
rCorr   .            (no gloves)
SInv    .            j - +0 pair of boots
Will    .....        (no amulet)
Stlth   ++           (no ring)
HPRegen 0.24/turn    (no ring)
MPRegen 0.10/turn

%: no passive effects
@: weakened
A: repulsion field 1, powered by death 1
a: no special abilities


You were on level 2 of the Dungeon.
You visited 1 branch of the dungeon, and saw 2 of its levels.

You collected 61 gold pieces.

Inventory:

Hand Weapons
 d - a +2 dagger of venom (weapon)
Missiles
 i - 2 poisoned darts
Armour
 a - a +0 robe (worn)
 j - a +0 pair of boots (worn)
Scrolls
 e - a scroll of silence {unknown}
 k - a scroll of blinking {unknown}
 l - a scroll of amnesia {unknown}
 m - a scroll of immolation {unknown}
Potions
 b - 2 potions of magic
 c - a potion of curing {unknown}
 f - a potion of berserk rage {unknown}
 g - a potion of resistance {unknown}
 h - a potion of might {unknown}


   Skills:
 * Level 1.1 Fighting
 + Level 2.2 Dodging
 + Level 1.8 Stealth
 + Level 2.6 Spellcasting
 * Level 0.8 Conjurations
 + Level 0.8 Transmutations
 * Level 3.2 Earth Magic


You had one spell level left.
You knew the following spells:

 Your Spells              Type           Power      Damage    Failure   Level
a - Sandblast             Erth           28%        2d8       4%          1
b - Passwall              Tmut/Erth      7%         N/A       11%         2
c - Stone Arrow           Conj/Erth      18%        3d8       22%         3

Your spell library contained the following spells:

 Spells                   Type           Power      Damage    Failure   Level
 Brom's Barrelling Bould  Conj/Erth      9%         2d3       58%         4
 Petrify                  Tmut/Erth      9%         N/A       58%         4


Dungeon Overview and Level Annotations

Branches:
Dungeon (2/15)

Altars:


Innate Abilities, Weirdness & Mutations

You are surrounded by a mild repulsion field. (EV +2)
You regenerate a little health from kills.


Message History

A gnoll bouda comes into view. It is wielding a +0 club.
The blast of sand hits the gnoll bouda.
The gnoll bouda is moderately wounded.
The gnoll bouda barks out a call to the hunt!
The gnoll picks up the pace!
You hear a shout!
You barely miss the gnoll bouda.
The gnoll bouda is moderately wounded.
The gnoll closely misses you.
The gnoll bouda hits you with a +0 club.
You barely miss the gnoll bouda.
The gnoll bouda is moderately wounded.
The gnoll barely misses you.
The gnoll bouda hits you with a +0 club.
Casting: Sandblast (safe; 4% risk of failure)
Confirm with . or Enter, or press ? or * to list all spells.
You don't have enough magic to cast this spell.
Casting: Sandblast (safe; 4% risk of failure)
Confirm with . or Enter, or press ? or * to list all spells.
Aiming: Sandblast (safe; 4% risk of failure)
Press: ? - help, Shift-Dir - straight line, f/p - gnoll bouda
Aim: a gnoll bouda, wielding a +0 club and wearing a +0 robe (moderately wounded, 84% to hit)
The blast of sand hits the gnoll bouda.
The gnoll bouda is moderately wounded.
The gnoll bouda gazes fiercely through you!
You feel your attacks grow feeble.
You hit the gnoll bouda but do no damage.
The gnoll bouda is moderately wounded.
The gnoll bouda barely misses you.
The gnoll hits you from afar with a +0 halberd!
You hit the gnoll bouda.
The gnoll bouda is moderately wounded.
The gnoll bouda barely misses you. The gnoll barely misses you.
You hit the gnoll bouda.
The gnoll bouda is poisoned.
The gnoll bouda is heavily wounded.
You hear a shout!
The gnoll bouda hits you with a +0 club!
* * * LOW HITPOINT WARNING * * *
The gnoll hits you from afar with a +0 halberd!
You die...

.#.# #.#.##.##..#.#
.#.# #.#.##.##..#.#
.#.# #.#....##..#.#
.#.####.#.#####..#.#
..........#<.....#.##
.#.##...#...........#
.#.#..#########.#####
............. #..gg#
....######### #.@#.#
....# ####g# ..<.# ..
###.# ### ....# .####
.#### .+..# .##.#


You could see a gnoll bouda (very poisoned) and a gnoll (swift).

Vanquished Creatures
  A gnoll (D:2)
  2 dart slugs (D:1)
  4 bats (D:1)
  5 endoplasms
  4 giant cockroaches
  2 goblins (D:1)
  6 hobgoblins
  7 jackals (D:1)
  A quokka (D:2)
  A ball python (D:1)
  2 kobolds (D:1)
  4 rats
39 creatures vanquished.

Notes
Turn   | Place    | Note
-------+----------+-------------------------------------------
     0 | D:1      | Ekaitz the Demonspawn Earth Elementalist began the quest
                  | for the Orb.
     0 | D:1      | Reached XP level 1. HP: 13/13 MP: 3/3
   116 | D:1      | Gained mutation: You are surrounded by a mild repulsion
                  | field. (EV +2) [demonic ancestry]
   116 | D:1      | Reached XP level 2. HP: 10/20 MP: 0/5
   212 | D:1      | Learned a level 2 spell: Passwall
   253 | D:1      | Reached skill level 1 in Fighting
   436 | D:1      | Reached skill level 3 in Earth Magic
   436 | D:1      | Gained mutation: You regenerate a little health from kills.
                  | [demonic ancestry]
   436 | D:1      | Reached XP level 3. HP: 23/26 MP: 6/6
   442 | D:1      | Learned a level 3 spell: Stone Arrow
  1171 | D:2      | Slain by a gnoll

Illustrated notes

Levels and vault maps discovered:
D:1:      minmay_arrival_stair_chambers, layout_rooms
D:2:      layout_basic, basic_altar, nicolae_twisty_statue_hallways

Skill      XL: |  1  2 |
---------------+-------+-----
Dodging        | 2 |  2.2
Fighting       | 1 |  1.1
Earth Magic    | 3 |  3.2
Stealth        | |  1.8
Spellcasting   | |  2.6
Conjurations   | |  0.8
Transmutations | |  0.8

Action                     || total
---------------------------++-------
  Melee: Dagger            ||    42
   Cast: Sandblast         ||    40
         Passwall          ||     4
         Stone Arrow       ||     2
   Stab: Sleeping          ||     2
 Armour: Robe              ||    41
  Dodge: Dodged            ||    61

Table legend: (Time is in decaauts)
 A = Elapsed time spent in this place.
 B = Non-inter-level travel time spent in this place.
 C = Inter-level travel time spent in this place.
 D = Time resting spent in this place.
 E = Time spent auto-exploring this place.
 F = Levels seen in this place.
 G = Mean time per level.
                   A        B        C        D        E       F      G
               +--------+--------+--------+--------+--------+-----+--------+
         Total |   1190 |   1168 |     22 |     61 |    799 |   2 |  595.0 |
       Dungeon |   1190 |   1168 |     22 |     61 |    799 |   2 |  595.0 |
               +--------+--------+--------+--------+--------+-----+--------+

Top non-repeatable levels by time:
     D:1: 861 daAuts
     D:2: 329 daAuts
